 Dungeon Crawl Stone Soup version 0.22-a0-458-gb446440 (webtiles) character file.

269 4thArraOfDagon the Chopper (level 6, 32/56 HPs)
             Began as a Hill Orc Fighter on June 8, 2018.
             Quit the game on level 7 of the Dungeon.
             The game lasted 00:03:22 (492 turns).

4thArraOfDagon the Chopper (Hill Orc Fighter)        Turns: 492, Time: 00:03:22

Health: 32/56      AC:  7    Str: 19    XL:     6   Next: 22%
Magic:  6/6        EV:  9    Int: 10    God:
Gold:   35         SH:  0    Dex: 10    Spells: 5/5 levels left

rFire    . . .     SeeInvis .   a - +1 war axe
rCold    . . .     Gourm    .   (no shield)
rNeg     . . .     Faith    .   b - +1 scale mail
rPois    .         Spirit   .   (no helmet)
rElec    .         Reflect  .   (no cloak)
rCorr    .         Harm     .   (no gloves)
MR       .....                  (no boots)
Stlth    ..........             (no amulet)
HPRegen  0.18/turn              (no ring)
MPRegen  0.10/turn              (no ring)

@: no status effects
A: no striking features
a: no special abilities


You were on level 7 of the Dungeon.
You were not hungry.

You visited 1 branch of the dungeon, and saw 7 of its levels.

You collected 35 gold pieces.

Inventory:

Hand Weapons
 a - a +1 war axe (weapon)
Armour
 b - a +1 scale mail (worn)
Scrolls
 c - a scroll of identify
 g - a scroll of enchant weapon
Comestibles
 f - 4 rations


   Skills:
 + Level 5.5 Fighting
 * Level 7.0 Axes
 - Level 3.2 Armour
   Level 3.2 Shields


You had 5 spell levels left.
You didn't know any spells.
Your spell library was empty.

Dungeon Overview and Level Annotations

Branches:
Dungeon (7/15)
 Temple: D:4-7

Altars:
Dithmenos
Xom


Message History

Found a murky inky potion and a runed falchion.
Unknown command.
Unknown command.
The wizard mumbles some strange words.
The wizard seems to speed up.
Unknown command.
Unknown command.
The wizard howls an incantation.
You feel troubled.
Unknown command.
The wizard gestures at you while chanting.
The bolt of cold misses you.
Unknown command.
Unknown command.
Unknown command.
Okay, then.
You aren't carrying any potions.
You aren't carrying any items that you can evoke.
Unknown command.
Are you sure you want to abandon this character and quit the game? (Confirm with "yes".)

#...##≈.#...... .......#
.).?.#≈.#...... #.......
..p...........####.......
. #≈.........##....... #.
##≈p#.......###......
≈##.##≈≈.#................
≈≈≈≈≈≈≈..#................
.......p###...............
#.....[..@................
#................#........
#................#........
.........##......###......
###......##......# ##.....
#......##......# #.....
#......##......####.....
#......##...............
#...... #...............


You could see a wizard.

Vanquished Creatures
  A centaur (D:6)
  A bullfrog (D:4)
  A scorpion (D:7)
  An iguana (D:7)
  A hound skeleton (D:5)
  A worker ant zombie (D:5)
  An adder (D:3)
  A shadow imp (D:7)
  An adder skeleton (D:4)
  A leopard gecko (D:2)
  4 goblins
  3 hobgoblins
  A quokka (D:7)
  2 kobolds
  2 rats
22 creatures vanquished.

Notes
Turn   | Place    | Note
-------+----------+-------------------------------------------
     0 | D:1      | 4thArraOfDagon the Hill Orc Fighter began the quest for the Orb.
     0 | D:1      | Reached XP level 1. HP: 19/19 MP: 1/1
    65 | D:1      | Reached skill level 3 in Axes
    85 | D:1      | Reached XP level 2. HP: 17/27 MP: 2/2
   188 | D:3      | Reached skill level 4 in Axes
   205 | D:3      | Found a shimmering altar of Xom.
   216 | D:3      | Reached XP level 3. HP: 13/33 MP: 3/3
   226 | D:4      | Found a shadowy altar of Dithmenos.
   234 | D:4      | Noticed a bullfrog
   239 | D:4      | Killed a bullfrog
   239 | D:4      | Reached skill level 5 in Axes
   239 | D:4      | Reached XP level 4. HP: 11/41 MP: 4/4
   262 | D:5      | Entered Level 5 of the Dungeon
   389 | D:6      | Noticed a centaur
   396 | D:6      | Killed a centaur
   396 | D:6      | Reached skill level 5 in Fighting
   396 | D:6      | Reached skill level 6 in Axes
   396 | D:6      | Reached XP level 5. HP: 12/48 MP: 5/5
   466 | D:7      | Reached skill level 7 in Axes
   466 | D:7      | Reached XP level 6. HP: 27/56 MP: 6/6
   484 | D:7      | Noticed a wizard
   485 | D:7      | Noticed a wizard
   492 | D:7      | Quit the game

Vault maps used:
D:1:      kilobyte_arrival_exit_the_forest
D:3:      elyvilon_altar_3, okawaru_gym_becter, xom_teletrap_fun
D:4:      nicolae_overflow_crystal_walls, first_ration
D:5:      vehumet_crystals, minivault_14, uniq_duvessa, uniq_crazy_yiuf_cottage
D:6:      lemuel_old_faithful
D:7:      cheibrodos_wizards_tower, temple_doors_e, grunt_ogre_cave

Skill      XL: |  1  2  3  4  5 |
---------------+----------------+-----
Axes           | 3 4 5 6 7 |  7.0
Fighting       | 4 5 |  5.5
Armour         | |  3.2
Shields        | |  3.2

Action                   |  1- 3 |  4- 6 || total
-------------------------+-------+-------++-------
Melee: War axe           |    49 |    31 ||    80
  Use: Scroll            |       |     4 ||     4
       Potion            |       |     3 ||     3
 Stab: Sleeping          |       |     1 ||     1
Armor: Scale mail        |    18 |    12 ||    30
Dodge: Dodged            |    20 |    14 ||    34
Block: Shield            |    25 |     7 ||    32

Table legend:
 A = Spawn XP
 B = Non-spawn XP
 C = Spawn XP percentage of total XP
 D = Spawn monster count
 E = Non-spawn monster count
 F = Spawn count percentage of total count
 G = Total turns spent on level
                    A         B        C        D         E        F      G
               +---------+---------+-------+---------+---------+-------+---------
         Total |       0 |     385 |   0.0 |       0 |      22 |   0.0 |   492
               +---------+---------+-------+---------+---------+-------+---------
           D:1 |       0 |      10 |   0.0 |       0 |       6 |   0.0 |   106
           D:2 |       0 |       6 |   0.0 |       0 |       3 |   0.0 |    51
           D:3 |       0 |      18 |   0.0 |       0 |       4 |   0.0 |    67
           D:4 |       0 |      93 |   0.0 |       0 |       2 |   0.0 |    38
           D:5 |       0 |      34 |   0.0 |       0 |       2 |   0.0 |   127
           D:6 |       0 |     108 |   0.0 |       0 |       1 |   0.0 |    30
           D:7 |       0 |     116 |   0.0 |       0 |       4 |   0.0 |    73
               +---------+---------+-------+---------+---------+-------+---------
